 Dungeon Crawl Stone Soup version 0.31-a0-1555-g5715333c33 (webtiles) character file.

Game seed: 12122340040605477204

217 RepoMan the Frost Mage (level 5, -10/35 HPs)
             Began as a Barachi Wanderer on Jan 3, 2024.
             Mangled by Duvessa
             ... wielding a +2 rapier of electrocution
              (16 damage)
             ... on level 4 of the Dungeon.
             The game lasted 00:20:47 (2759 turns).

RepoMan the Frost Mage (Barachi Wanderer)           Turns: 2759, Time: 00:20:47

Health: -10/35     AC: 10    Str: 12    XL:     5   Next: 94%
Magic:  1/8        EV: 12    Int: 14    God:
Gold:   216        SH:  0    Dex: 13    Spells: 5/9 levels left

rFire   . . .        i - +0 spear
rCold   . . .        (no shield)
rNeg    . . .        c - +0 robe
rPois   .            (no helmet)
rElec   .            d - +0 cloak
rCorr   .            (no gloves)
SInv    .            (no boots)
Will    .....        (no amulet)
Stlth   +            (no ring)
HPRegen 0.25/turn    (no ring)
MPRegen 0.11/turn

%: no passive effects
@: ice-armoured, slow
A: amphibious, slowness 1, strong legs 1, +LOS
a: Hop


You were on level 4 of the Dungeon.
You visited 1 branch of the dungeon, and saw 4 of its levels.

You collected 216 gold pieces.

Inventory:

Hand Weapons
 i - a +0 spear (weapon)
 j - a +2 dagger of flaming
Missiles
 k - a javelin
Armour
 c - a +0 robe (worn)
 d - a +0 cloak (worn)
Scrolls
 b - 2 scrolls of fear
 g - a scroll of enchant armour
 l - a scroll of teleportation {unknown}
 n - a scroll of acquirement {unknown}
 o - a scroll of immolation {unknown}
 p - a scroll of blinking {unknown}
Potions
 a - 2 potions of might
 f - a potion of magic
 h - a potion of resistance
 m - a potion of heal wounds
 r - 2 potions of attraction {unknown}


   Skills:
 - Level 2.2 Dodging
 + Level 2.6 Spellcasting
 - Level 2.4 Summonings
 * Level 8.6 Ice Magic


You had 5 spell levels left.
You knew the following spells:

 Your Spells              Type           Power      Damage    Failure   Level
c - Ozocubu's Armour      Ice            25%        N/A       1%          3
f - Freeze                Ice            100%       1d10      1%          1

Your spell library contained the following spells:

 Spells                   Type           Power      Damage    Failure   Level
 Summon Small Mammal      Summ           32%        N/A       9%          1
 Call Imp                 Summ           16%        N/A       13%         2
 Summon Lightning Spire   Summ/Air       5%         N/A       80%         4


Dungeon Overview and Level Annotations

Branches:
Dungeon (4/15)
 Temple: D:4-7

Altars:

Annotations:
D:3 exclusion: downstairs
D:4 Dowan, Duvessa


Innate Abilities, Weirdness & Mutations

You are amphibious.
You cover ground slowly.
You can hop short distances.
You have an extended range of vision and can be seen from far away.


Message History

Casting: Freeze (safe; 1% risk of failure)
Confirm with . or Enter, or press ? or * to list all spells.
A film of ice covers your body!
Duvessa says, "My weaknesses are his strengths!"
Press: ? - help, v - describe, . - travel
Here: Duvessa, wielding a +2 rapier of electrocution and wearing a +0 leather armour (lightly wounded)
The floor.
Reach: i) +0 spear
Press: ? - help, Dir - move target, f/p - Duvessa
Aim: Duvessa, wielding a +2 rapier of electrocution and wearing a +0 leather armour (lightly wounded, about 37% to evade your +0 spear)
You reach to attack!
You hit Duvessa but do no damage.
Duvessa is lightly wounded.
Casting: Ozocubu's Armour (safe; 1% risk of failure)
Confirm with . or Enter, or press ? or * to list all spells.
Aiming: Freeze (safe; 1% risk of failure)
Press: ? - help, Shift-Dir - straight line, f - goblin, p - Duvessa
Aim: a goblin, wielding a +0 dagger and wearing a +0 leather armour You freeze the goblin!
You kill the goblin!
Duvessa hits you with a +2 rapier of electrocution!
You freeze Duvessa.
Duvessa is lightly wounded.
Duvessa hits you but does no damage.
You freeze Duvessa!
Duvessa is heavily wounded.
Dowan shouts!
Duvessa hits you with a +2 rapier of electrocution.
You freeze Duvessa.
Duvessa is heavily wounded.
Duvessa hits you with a +2 rapier of electrocution.
Throw: throwing net
Press: ? - help, Shift-Dir - straight line, f/p - Duvessa
Aim: Duvessa, wielding a +2 rapier of electrocution and wearing a +0 leather armour (heavily wounded, 56% to hit)
You throw a throwing net.
The throwing net closely misses Duvessa.
Duvessa completely misses you.
Duvessa hits you with a +2 rapier of electrocution!
* * * LOW HITPOINT WARNING * * *
You are electrocuted!
You die...

.....# . .....# .
.. ....# .. ...
....# ..# ....
....##...# .....
#.........
......##.........
.............(...
........@e.......
.....#...).......
.. #...........
###.........
#..e......
#.........
..........
...##..... ....
..........


You could see Duvessa and Dowan.

Vanquished Creatures
  A gnoll bouda (D:4)
  7 adders
  6 gnolls (D:3)
  2 ribbon worms (D:2)
  An orc (D:4)
  5 ball pythons
  4 bats
  4 endoplasms
  A giant cockroach (D:3)
  8 goblins
  8 hobgoblins
  3 quokkas
  6 frilled lizards
  5 kobolds
  9 rats
70 creatures vanquished.

Notes
Turn   | Place    | Note
-------+----------+-------------------------------------------
     0 | D:1      | RepoMan the Barachi Wanderer began the quest for the Orb.
     0 | D:1      | RepoMan set off with the following items: a +0 club, a
                  | scroll of fear, a +0 robe, a +0 cloak; and the following
                  | spells available to memorise: Freeze, Summon Small Mammal,
                  | Call Imp, Ozocubu's Armour, Summon Lightning Spire.
     0 | D:1      | Reached XP level 1. HP: 13/13 MP: 2/2
     2 | D:1      | Learned a level 1 spell: Freeze
   181 | D:1      | Reached XP level 2. HP: 19/19 MP: 3/3
   703 | D:1      | Reached XP level 3. HP: 24/24 MP: 2/4
   899 | D:2      | Reached skill level 7 in Ice Magic
   909 | D:2      | Learned a level 3 spell: Ozocubu's Armour
  1331 | D:2      | Reached XP level 4. HP: 30/30 MP: 1/6
  1891 | D:3      | Reached XP level 5. HP: 35/35 MP: 5/7
  1899 | D:3      | Reached skill level 8 in Ice Magic
  2480 | D:4      | Noticed Duvessa
  2480 | D:4      | Noticed Dowan
  2759 | D:4      | Mangled by Duvessa

Illustrated notes

Levels and vault maps discovered:
D:1:      roderic_chinese_lattice_arrival, layout_loops_cross
D:2:      layout_rooms, corexii_corridor_pit, chequers_serial_rivers_micro_d
D:3:      layout_rooms, nicolae_underground_beach
D:4:      layout_basic, minmay_temple_entry_hall, uniq_crazy_yiuf_cottage,
          uniq_pikel, uniq_duvessa

Skill      XL: |  1  2  3  4  5 |
---------------+----------------+-----
Ice Magic      | 7 8 |  8.6
Spellcasting   | 2 |  2.6
Dodging        | |  2.2
Summonings     | |  2.4

Action                     |  1- 3 |  4- 6 || total
---------------------------+-------+-------++-------
  Melee: Club              |    12 |       ||    12
         Spear             |    65 |    35 ||   100
         Punch             |     1 |       ||     1
  Throw: Stone             |     1 |       ||     1
         Javelin           |       |     5 ||     5
         Throwing net      |       |     1 ||     1
   Cast: Freeze            |    41 |    47 ||    88
         Ozocubu's Armour  |     3 |     8 ||    11
Ability: Hop               |     3 |     1 ||     4
    Use: Scroll            |       |     5 ||     5
   Stab: Distracted        |     1 |       ||     1
 Armour: Robe              |    35 |    43 ||    78
  Dodge: Dodged            |    51 |    59 ||   110

Table legend: (Time is in decaauts)
 A = Elapsed time spent in this place.
 B = Non-inter-level travel time spent in this place.
 C = Inter-level travel time spent in this place.
 D = Time resting spent in this place.
 E = Time spent auto-exploring this place.
 F = Levels seen in this place.
 G = Mean time per level.
                   A        B        C        D        E       F      G
               +--------+--------+--------+--------+--------+-----+--------+
         Total |   3093 |   2931 |    162 |    667 |   1160 |   4 |  773.2 |
       Dungeon |   3093 |   2931 |    162 |    667 |   1160 |   4 |  773.2 |
               +--------+--------+--------+--------+--------+-----+--------+

Top non-repeatable levels by time:
     D:1: 1097 daAuts
     D:2: 1036 daAuts
     D:3: 766 daAuts
     D:4: 193 daAuts
